 Dungeon Crawl Stone Soup version 0.32-a0-171-g4625e66871 (webtiles) character file.

Game seed: 9352565712353008013

19134 pedowka the Severer (level 12, -20/108 HPs)
             Began as a Minotaur Berserker on Feb 12, 2024.
             Was a High Priest of Trog.
             Demolished by a snapping turtle (22 damage)
             ... on level 1 of the Shoals.
             The game lasted 00:46:07 (14398 turns).

pedowka the Severer (Minotaur Berserker)           Turns: 14398, Time: 00:46:08

Health: -20/108    AC: 18    Str: 26    XL:     12   Next: 33%
Magic:  0/11       EV:  9    Int:  4    God:    Trog [*****.]
Gold:   473        SH:  0    Dex: 11    Spells: 11/11 levels left

rFire   . . .        H - +2 war axe (flame)
rCold   . . .        (no shield)
rNeg    . . .        l - +0 plate armour
rPois   .            (helmet restricted)
rElec   .            (no cloak)
rCorr   .            k - +0 pair of gloves {Stlth+}
SInv    .            g - +0 pair of boots
Will    +++..        w - amulet of guardian spirit Stlth
                     M - ring of willpower
HPRegen 1.38/turn    (no ring)
MPRegen 0.12/turn

%: guardian spirit
@: about to teleport, strong-willed, on berserk cooldown, regenerating, slowed,
very slow
A: horns 2, retaliatory headbutt
a: Renounce Religion, Berserk, Trog's Hand, Brothers in Arms


You were on level 1 of the Shoals.
You worshipped Trog.
Trog was extremely pleased with you.
You visited 3 branches of the dungeon, and saw 11 of its levels.

You collected 588 gold pieces.
You spent 115 gold pieces at shops.

Inventory:

Hand Weapons
 a - a +2 vampiric whip
 b - a +1 dagger of draining
 f - a +3 glaive
 i - a +1 dagger of speed
 p - a +1 war axe of protection
 s - a +2 dagger of draining
 u - a +2 dagger of venom
 v - a +0 long sword
 B - a +0 whip of electrocution
 E - a +1 dagger of speed
 H - a +2 war axe of flaming (weapon)
 N - a +3 halberd
 O - a +5 falchion
 P - a +0 mace
 Q - a +1 dagger of venom
 R - a +2 morningstar of freezing
Missiles
 J - a throwing net (quivered)
Armour
 d - a +3 leather armour
 g - a +0 pair of boots (worn)
 k - a +0 pair of gloves of stealth (worn)
 l - a +0 plate armour (worn)
 n - a +0 plate armour
 q - a +1 scale mail of fire resistance
 y - the +2 leather armour of Midwinter {+Blink rF- rN++ Regen+}
   (You found it on level 4 of the Dungeon)

   rF-:       It makes you vulnerable to fire.
   rN++:      It greatly protects you from negative energy.
   +Blink:    It lets you blink.
   Regen+:    It increases your rate of health regeneration.
 C - a +0 barding
 I - +0 steam dragon scales
 L - a +0 robe of positive energy
 Y - the +2 leather armour of the Ikuchi {Int+2}
   (You found it on level 2 of the Lair of Beasts)

   Int+2:     It affects your intelligence (+2).
Magical Staves
 t - a staff of conjuration
Jewellery
 m - an amulet of faith
 w - an amulet of guardian spirit (around neck)
 M - a ring of willpower (left hand)
Talismans
 c - a granite talisman
Wands
 r - a wand of flame (14)
 D - a wand of acid (7)
 K - a wand of digging (8)
Scrolls
 e - 5 scrolls of teleportation
 j - 3 scrolls of poison
 o - a scroll of amnesia {unknown}
 G - 2 scrolls of immolation {unknown}
 S - 3 scrolls of identify
 U - a scroll of torment
 W - a scroll of revelation {unknown}
 X - a scroll of fear {unknown}
Potions
 h - 3 potions of cancellation
 x - a potion of haste
 z - 2 potions of resistance
 A - 2 potions of brilliance
 F - a potion of might
 T - a potion of berserk rage {unknown}
 V - a potion of heal wounds {unknown}


   Skills:
 + Level 10.7 Fighting
 + Level 1.2 Long Blades
 * Level 18.8 Axes
 + Level 11.3 Armour
 + Level 3.8 Dodging
 + Level 1.4 Stealth


You had 11 spell levels left.
You didn't know any spells.
Your spell library contained the following spells:

 Spells                   Type           Power      Damage    Failure   Level
 Shock                    Conj/Air       0%         1d3       99%         1
 Blink                    Tloc           0%         N/A       100%        2
 Ensorcelled Hibernation  Hex/Ice        0%         N/A       100%        2
 Lesser Beckoning         Tloc           0%         N/A       100%        2
 Momentum Strike          Conj/Tloc      0%         3d8       100%        2
 Scorch                   Fire           0%         2d5       100%        2
 Fugue of the Fallen      Necr           0%         N/A       100%        3
 Swiftness                Air            0%         N/A       100%        3
 Airstrike                Air            0%         2d(0-16)  100%        4
 Anguish                  Hex/Necr       0%         N/A       100%        4
 Flame Wave               Conj/Fire      0%         2d4       100%        4
 Leda's Liquefaction      Alch/Erth      0%         N/A       100%        4
 Lee's Rapid Deconstruct  Erth           0%         3d4*      100%        5
 Bombard                  Conj/Erth      0%         9d1       100%        6
 Summon Cactus Giant      Summ           0%         N/A       100%        6


Dungeon Overview and Level Annotations

Branches:
Dungeon (8/15)             Temple (0/1) D:5            Lair (2/5) D:8
 Shoals (1/4) Lair:2       Spider (0/4) Lair:2

Altars:
Ashenzari
Gozag
Nemelex Xobeh
Okawaru
Ru
Trog
Xom
The Shining One

Shops:
D:3 [

Annotations:
Lair:2 exclusion: oklob plant
Shoals:1 3 runed translucent doors, Hisysic's ghost, adept GrFi; Kenran's ghost, adept SpSh


Innate Abilities, Weirdness & Mutations

You have a pair of horns on your head.
You reflexively headbutt those who attack you in melee.


Message History

The snapping turtle bites you from afar!
* * * LOW HITPOINT WARNING * * *
A red film seems to cover your vision as you go berserk!
You feel yourself moving faster!
You feel mighty!
You feel a strong urge to attack something.
The snapping turtle bites you from afar.
* * * LOW HITPOINT WARNING * * *
You feel your anger nearly subside.
The snapping turtle bites you but does no damage.
You are no longer berserk.
You are exhausted.
You feel yourself slow down.
The snapping turtle completely misses you.
The snapping turtle bites you from afar!
* * * LOW HITPOINT WARNING * * *
Found 3 curare-tipped darts, 19 gold pieces, 6 stones and a blue potion.
Hisysic's ghost turns its malevolent gaze towards you.
The snapping turtle attacks as it pursues you!
The snapping turtle barely misses you.
The snapping turtle attacks as it pursues you!
The snapping turtle bites you but does no damage.
Found a robe.
Kenran's ghost briefly looks inexplicably like a dragon.
The snapping turtle bites you but does no damage.
The snapping turtle attacks as it pursues you!
The snapping turtle closely misses you.
Found a robe.
Your skin crawls.
You feel strong-willed.
The snapping turtle bites you but does no damage.
Found a fuming sapphire potion.
The snapping turtle attacks as it pursues you!
The snapping turtle bites you from afar.
* * * LOW HITPOINT WARNING * * *
As you read the scroll of teleportation, it crumbles to dust.
You feel strangely unstable. The snapping turtle barely misses you.
The snapping turtle bites you from afar!
* * * LOW HITPOINT WARNING * * *
The snapping turtle bites you from afar!!
You die...

.###..~~~~~~~~$~~.~~≈≈≈~
.......<....~~~~....≈≈≈≈
..........[..≈≈~...~~≈~!
.[.##.$.......~..).≈≈≈[.
#. #...............~~.#
#...............[.~.
#................~.~
#.........t....#
#...........@..#
......../........#
...~.............#
#.....####+++####.#
###...#♣.....WW♣ ^#
##..#⌠.......⌠#.# #
#♣.......♣#.# ...($.(.!


You could see a snapping turtle, Hisysic's ghost and Kenran's ghost.

Vanquished Creatures
  A hydra (D:8)
  A centaur warrior (D:8)
  2 two-headed ogres (D:8)
  2 death yaks (Lair:1)
  A sea snake (Shoals:1)
  3 cane toads
  A torpor snail (Lair:1)
  A gargoyle (D:8)
  Maggie (D:6)
  3 komodo dragons
  A rime drake (Lair:2)
  A freezing wraith (D:8)
  7 blink frogs (Lair:2)
  A troll (D:8)
  A culicivora (Lair:2)
  Sigmund (D:2)
  A jumping spider (Lair:2)
  9 wyverns
  22 yaks
  A steam dragon (D:6)
  Duvessa (D:6)
  9 water moccasins
  2 orc warriors
  3 sky beasts
  11 black bears (Lair:2)
  4 ogres
  A centaur (D:5)
  A kobold brigand (D:7)
  4 bullfrogs
  A gnoll sergeant (D:6)
  3 scorpions
  5 wights (D:8)
  Dowan (D:6)
  4 killer bees (D:7)
  2 howler monkeys
  4 bombardier beetles
  A gnoll bouda (D:8)
  3 hounds
  5 orc priests
  2 jellies
  3 sleepcaps
  5 iguanas
  8 orc wizards
  Natasha (thrice) (D:2)
  9 hell rats (Lair:2)
  10 adders
  6 gnolls
  9 river rats (Lair:2)
  A white imp (D:8)
  2 ufetubi (D:6)
  2 dart slugs
  4 ribbon worms
  34 orcs
  5 ball pythons
  10 endoplasms
  2 giant cockroaches
  7 goblins
  8 hobgoblins
  9 quokkas
  9 bats
  7 frilled lizards
  13 kobolds
  15 rats
309 creatures vanquished.

Notes
Turn   | Place    | Note
-------+----------+-------------------------------------------
     0 | D:1      | pedowka the Minotaur Berserker began the quest for the Orb.
     0 | D:1      | Reached XP level 1. HP: 19/19 MP: 0/0
   103 | D:1      | Reached XP level 2. HP: 26/27 MP: 1/1
   136 | D:1      | Reached skill level 4 in Axes
   716 | D:2      | Reached XP level 3. HP: 20/33 MP: 2/2
   738 | D:2      | Reached ** piety under Trog
   989 | D:2      | Reached skill level 5 in Axes
   989 | D:2      | Reached XP level 4. HP: 38/41 MP: 3/3
  1059 | D:2      | Noticed Natasha
  1064 | D:2      | Killed Natasha
  1116 | D:2      | Noticed Sigmund
  1127 | D:2      | Killed Sigmund
  1128 | D:2      | Reached skill level 6 in Axes
  1128 | D:2      | Reached XP level 5. HP: 46/47 MP: 4/4
  1128 | D:2      | Reached XP level 6. HP: 52/53 MP: 5/5
  1136 | D:2      | Noticed Natasha
  1148 | D:2      | Killed Natasha
  1331 | D:2      | Noticed Natasha
  1341 | D:2      | Killed Natasha
  1342 | D:2      | Reached skill level 7 in Axes
  2147 | D:3      | Reached *** piety under Trog
  2349 | D:3      | Found a sacrificial altar of Ru.
  2390 | D:3      | Found Demp's Armour Emporium.
  2399 | D:3      | Bought a +0 pair of gloves of stealth for 115 gold pieces
  2888 | D:4      | Reached skill level 1 in Long Blades
  2888 | D:4      | Reached skill level 8 in Axes
  2888 | D:4      | Reached XP level 7. HP: 55/60 MP: 6/6
  2964 | D:4      | Reached skill level 5 in Fighting
  3267 | D:4      | Found an iron altar of Okawaru.
  3276 | D:4      | Found a glowing golden altar of the Shining One.
  3385 | D:4      | Reached skill level 9 in Axes
  3635 | D:4      | Reached XP level 8. HP: 69/69 MP: 7/7
  3650 | D:4      | Reached skill level 10 in Axes
  3651 | D:4      | Found a shimmering altar of Xom.
  3762 | D:4      | Identified the +2 leather armour of Midwinter {+Blink rF-
                  | rN++ Regen+}
  4068 | D:5      | Entered Level 5 of the Dungeon
  4206 | D:5      | Found a broken altar of Ashenzari.
  4881 | D:5      | Found a staircase to the Ecumenical Temple.
  4900 | D:5      | Reached skill level 11 in Axes
  5153 | D:5      | Found a bloodstained altar of Trog.
  5486 | D:6      | Reached skill level 5 in Armour
  5757 | D:6      | Found an opulent altar of Gozag.
  5834 | D:6      | Found a sparkling altar of Nemelex Xobeh.
  5840 | D:6      | Noticed Dowan
  5841 | D:6      | Noticed Duvessa
  5853 | D:6      | Killed Duvessa
  5854 | D:6      | Reached skill level 12 in Axes
  5860 | D:6      | Killed Dowan
  6078 | D:6      | Noticed Maggie
  6098 | D:6      | Killed Maggie
  6099 | D:6      | Reached XP level 9. HP: 57/77 MP: 5/8
  7341 | D:7      | Reached skill level 13 in Axes
  8572 | D:7      | Reached skill level 14 in Axes
  9088 | D:8      | Noticed a troll
  9094 | D:8      | Killed a troll
  9095 | D:8      | Reached XP level 10. HP: 77/86 MP: 7/9
  9168 | D:8      | Reached **** piety under Trog
  9566 | D:8      | Noticed a two-headed ogre
  9573 | D:8      | Reached skill level 15 in Axes
  9582 | D:8      | Killed a two-headed ogre
  9824 | D:8      | Reached skill level 16 in Axes
  9842 | D:8      | Noticed a centaur warrior
  9842 | D:8      | Noticed a gargoyle
  9849 | D:8      | Killed a gargoyle
  9861 | D:8      | Killed a centaur warrior
  9862 | D:8      | Reached XP level 11. HP: 10/95 MP: 2/10
 10259 | D:8      | Noticed an eight-headed hydra
 10264 | D:8      | Killed a six-headed hydra
 10583 | D:8      | Found a staircase to the Lair.
 10656 | D:8      | Noticed a two-headed ogre
 10665 | D:8      | Killed a two-headed ogre
 11075 | Lair:1   | Entered Level 1 of the Lair of Beasts
 11091 | Lair:1   | Reached skill level 17 in Axes
 11317 | Lair:1   | Reached skill level 1 in Stealth
 11453 | Lair:1   | Noticed a death yak
 11454 | Lair:1   | Noticed a death yak
 11463 | Lair:1   | Killed a death yak
 11464 | Lair:1   | Reached skill level 10 in Armour
 11479 | Lair:1   | Killed a death yak
 12323 | Lair:2   | Identified the +2 leather armour of the Ikuchi {Int+2}
 12402 | Lair:2   | Reached skill level 18 in Axes
 12707 | Lair:2   | Reached ***** piety under Trog
 12708 | Lair:2   | Reached skill level 10 in Fighting
 12726 | Lair:2   | Reached XP level 12. HP: 87/106 MP: 9/11
 12810 | Lair:2   | Found a hole to the Spider Nest.
 14332 | Lair:2   | Found a staircase to the Shoals.
 14343 | Shoals:1 | Entered Level 1 of the Shoals
 14380 | Shoals:1 | Found a runed translucent gate.
 14380 | Shoals:1 | Found a runed translucent gate.
 14380 | Shoals:1 | Found a runed translucent gate.
 14387 | Shoals:1 | HP: 3/108 [snapping turtle (14)]
 14390 | Shoals:1 | Noticed Kenran's ghost (adept SpSh)
 14390 | Shoals:1 | Noticed Hisysic's ghost (adept GrFi)
 14398 | Shoals:1 | HP: 2/108 [snapping turtle (11)]
 14398 | Shoals:1 | Demolished by a snapping turtle

Illustrated notes

Levels and vault maps discovered:
D:1:      reono_arrival_forest_river, layout_loops_cross, grunt_decor_cap,
          minmay_stone_trees_small
D:2:      layout_loops_ring, hangedman_decor_lopped, minmay_joined_circles,
          uniq_sigmund, uniq_natasha
D:3:      layout_rooms, lemuel_tele_altar, serial_shops,
          nicolae_shop_real_fake_doors, kennysheep_nub
D:4:      layout_loops_corners, nicolae_overflow_crystal_walls,
          jmf_multi_god_temple
D:5:      layout_loops_ring, mainiacjoe_overflow_paths,
          trog_three_pillars_becter, minmay_temple_entry_arrows
D:6:      layout_gridville, grunt_gozag_breadcrumbs,
          mainiacjoe_overflow_catwalk, uniq_duvessa, uniq_maggie
D:7:      layout_gridville, kennysheep_generic_room_10
D:8:      nzn_winding_woodlands_small [nzn_winding_woodlands_5x15_twine,
          nzn_winding_woodlands_center_lodge, nzn_winding_woodlands_5x15_pool],
          layout_cave_pools, minmay_lair_entry_grove,
          eino_small_chamber_without_monster
Lair:1:   layout_big_grid, infiniplex_staircase_pool
Lair:2:   lemuel_ratsnest, layout_hall_layers, elwin_shoals_entry_rocks,
          nicolae_spider_entry_tight_spaces, beast_lair_carwin_7,
          serial_bayou_shore_b
Shoals:1: layout_shoals, gammafunk_ghost_cemetery, uniq_jorgrun

Skill      XL: |  1  2  3  4  5  6  7  8  9 10 11 12 |
---------------+-------------------------------------+-----
Axes           | 4 5 6 8 9 12 14 16 18 | 18.8
Fighting       | 4 5 6 7 8 10 | 10.7
Armour         | 3 4 5 7 9 10 11 | 11.3
Dodging        | 3 |  3.8
Long Blades    | 1 |  1.2
Stealth        | 1 |  1.4

Action                     |  1- 3 |  4- 6 |  7- 9 | 10-12 || total
---------------------------+-------+-------+-------+-------++-------
  Melee: Hand axe          |    76 |    36 |       |       ||   112
         Headbutt          |    17 |    16 |    53 |    81 ||   167
         War axe           |       |    69 |   257 |   363 ||   689
         Long sword        |       |    12 |       |       ||    12
 Invoke: Berserk           |       |       |     1 |     2 ||     3
         Trog's Hand       |       |       |       |     1 ||     1
    Use: Scroll            |       |    10 |     1 |     5 ||    16
         Potion            |       |       |     1 |     2 ||     3
 Armour: Leather armour    |    31 |       |       |       ||    31
         Plate armour      |    15 |    93 |   230 |   260 ||   598
  Dodge: Dodged            |    32 |    39 |    78 |   125 ||   274

Table legend: (Time is in decaauts)
 A = Elapsed time spent in this place.
 B = Non-inter-level travel time spent in this place.
 C = Inter-level travel time spent in this place.
 D = Time resting spent in this place.
 E = Time spent auto-exploring this place.
 F = Levels seen in this place.
 G = Mean time per level.
                   A        B        C        D        E       F      G
               +--------+--------+--------+--------+--------+-----+--------+
         Total |  14295 |  14295 |      0 |   6130 |   4446 |  11 | 1299.5 |
       Dungeon |  11019 |  11019 |      0 |   4219 |   3835 |   8 | 1377.4 |
          Lair |   3222 |   3222 |      0 |   1905 |    610 |   2 | 1611.0 |
        Shoals |     53 |     53 |      0 |      6 |      0 |   1 |   53.0 |
               +--------+--------+--------+--------+--------+-----+--------+

Top non-repeatable levels by time:
  Lair:2: 1995 daAuts
     D:8: 1919 daAuts
     D:7: 1874 daAuts
     D:6: 1722 daAuts
     D:4: 1457 daAuts
     D:5: 1402 daAuts
  Lair:1: 1226 daAuts
     D:2: 1220 daAuts
     D:3: 716 daAuts
     D:1: 706 daAuts
Shoals:1: 53 daAuts
